NCAA
SAINT JOHN'S RED STORM @ WEST VIRGINIA MOUNTAINEERS
05/06/2029
 
TOP OF THE 1ST
Saint John's Red Storm batting - Pitching for West Virginia Mountaineers : RHP Juan Vera
Pitching: RHP Juan Vera
Batting: RHB Thomas Barnes 0-0: Called Strike
0-1: SINGLE (Groundball, 4D)
Batting: LHB Richard Shelton 0-0: Called Strike
0-1: Ground out 4-3 (Groundball, 34)
Thomas Barnes to second
Batting: LHB Roger Faulkner 0-0: Called Strike
Thomas Barnes is caught stealing 3rd base
0-1: Fly out, F4 (Flyball, 34D)
Top of the 1st over - 0 runs, 1 hit, 0 errors, 0 left on base; Saint John's 0 - West Virginia 0
BOTTOM OF THE 1ST
West Virginia Mountaineers batting - Pitching for Saint John's Red Storm : RHP Trey Sims
Pitching: RHP Trey Sims
Batting: RHB Víctor León 0-0: Called Strike
0-1: Ball
1-1: Swinging Strike
1-2: Ball
2-2: Ball
3-2: Fly out, F9 (Flyball, 89D)
Batting: LHB Juan Garza 0-0: Ball
1-0: Ball
2-0: Called Strike
2-1: Ball
3-1: Foul Ball, location: 2F
3-2: Fly out, F9 (Flyball, 9S)
Batting: RHB David Randall 0-0: Foul Ball, location: 2F
0-1: Fly out, F9 (Flyball, 89S)
Bottom of the 1st over - 0 runs, 0 hits, 0 errors, 0 left on base; Saint John's 0 - West Virginia 0
TOP OF THE 2ND
Saint John's Red Storm batting - Pitching for West Virginia Mountaineers : RHP Juan Vera
Batting: SHB Roderick Thurman 0-0: Called Strike
0-1: Swinging Strike
0-2: Ball
1-2: Foul Ball, location: 2F
1-2: Strikes out swinging
Batting: SHB Timothy McBride 0-0: Called Strike
0-1: Swinging Strike
0-2: Strikes out looking
Batting: RHB Herman Sydney 0-0: Called Strike
0-1: Ball
1-1: Swinging Strike
1-2: Strikes out swinging
Top of the 2nd over - 0 runs, 0 hits, 0 errors, 0 left on base; Saint John's 0 - West Virginia 0
BOTTOM OF THE 2ND
West Virginia Mountaineers batting - Pitching for Saint John's Red Storm : RHP Trey Sims
Batting: LHB Jeremy Howard 0-0: Called Strike
0-1: Swinging Strike
0-2: Ball
1-2: Strikes out swinging
Batting: SHB Darrel Harris 0-0: Ball
1-0: Ground out U3 (Groundball, 3)
Batting: LHB José Galindo 0-0: Ball
1-0: Ball
2-0: Called Strike
2-1: Ball
3-1: Called Strike
3-2: Base on Balls
Batting: RHB Jeffrey Dunbar 0-0: Ball
1-0: Ball
2-0: Ball
3-0: Called Strike
3-1: Foul Ball, location: 2F
3-2: 2-RUN HOME RUN (Flyball, 7LD), Distance : 340 ft
Batting: RHB Chris Smith 0-0: Ball
1-0: DOUBLE (Line Drive, 7LS)
Batting: SHB George Murphy 0-0: Foul Ball, location: 2F
0-1: SINGLE (Line Drive, 4D)
Chris Smith to third
Runner from 3rd tries for Home, SAFE, no throw
Batting: RHB Víctor León 0-0: Ball
1-0: Ground out 4-3 (Groundball, 4)
Bottom of the 2nd over - 3 runs, 3 hits, 0 errors, 1 left on base; Saint John's 0 - West Virginia 3
TOP OF THE 3RD
Saint John's Red Storm batting - Pitching for West Virginia Mountaineers : RHP Juan Vera
Batting: RHB Mark Lester 0-0: SINGLE (Line Drive, 8LS)
Batting: RHB Jarrod Campbell 0-0: Foul Ball, location: 2F
0-1: Foul Ball, location: 2F
0-2: Fly out, F5 (Line Drive, 5)
Batting: RHB Pete King 0-0: Foul Ball, location: 2F
0-1: Fly out, F8 (Flyball, 8LM)
Batting: RHB Thomas Barnes 0-0: Called Strike
0-1: Ball
1-1: Ball
2-1: Ball
3-1: Foul Ball, location: 2F
3-2: Fly out, F4 (Popup, 4MS)
Top of the 3rd over - 0 runs, 1 hit, 0 errors, 1 left on base; Saint John's 0 - West Virginia 3
BOTTOM OF THE 3RD
West Virginia Mountaineers batting - Pitching for Saint John's Red Storm : RHP Trey Sims
Batting: LHB Juan Garza 0-0: Fly out, F9 (Flyball, 89D)
Batting: RHB David Randall 0-0: Ball
1-0: Swinging Strike
1-1: Ball
2-1: Foul Ball, location: 2F
2-2: Ball
3-2: Base on Balls
Batting: LHB Jeremy Howard 0-0: Ball
1-0: Called Strike
1-1: Ball
2-1: Ball
3-1: Foul Ball, location: 2F
3-2: Foul Ball, location: 2F
3-2: SINGLE (Line Drive, 89S)
David Randall to second
Batting: SHB Darrel Harris 0-0: Ball
1-0: Foul Ball, location: 2F
1-1: Swinging Strike
1-2: Ball
2-2: Fly out, F9 (Flyball, 9S)
Batting: LHB José Galindo 0-0: Ball
1-0: Fly out, F9 (Flyball, 9S)
Bottom of the 3rd over - 0 runs, 1 hit, 0 errors, 2 left on base; Saint John's 0 - West Virginia 3
TOP OF THE 4TH
Saint John's Red Storm batting - Pitching for West Virginia Mountaineers : RHP Juan Vera
Batting: LHB Richard Shelton 0-0: Ball
1-0: Fly out, F5 (Popup, 5SF)
Batting: LHB Roger Faulkner 0-0: Ball
1-0: Foul Ball, location: 2F
1-1: Swinging Strike
1-2: Strikes out swinging
Batting: SHB Roderick Thurman 0-0: Swinging Strike
0-1: Ball
1-1: Called Strike
1-2: Foul Ball, location: 2F
1-2: Ball
2-2: Ball
3-2: Strikes out swinging
Top of the 4th over - 0 runs, 0 hits, 0 errors, 0 left on base; Saint John's 0 - West Virginia 3
BOTTOM OF THE 4TH
West Virginia Mountaineers batting - Pitching for Saint John's Red Storm : RHP Trey Sims
Batting: RHB Jeffrey Dunbar 0-0: Called Strike
0-1: Ball
1-1: Ball
2-1: Ground out 1-3 (Groundball, 15)
Batting: RHB Chris Smith 0-0: Foul Ball, location: 2F
0-1: Ball
1-1: Foul Ball, location: 2F
1-2: Ball
2-2: Ball
3-2: Strikes out looking
Batting: SHB George Murphy 0-0: Ball
1-0: Swinging Strike
1-1: Foul Ball, location: 2F
1-2: Ball
2-2: Ground out 4-3 (Groundball, 4)
Bottom of the 4th over - 0 runs, 0 hits, 0 errors, 0 left on base; Saint John's 0 - West Virginia 3
TOP OF THE 5TH
Saint John's Red Storm batting - Pitching for West Virginia Mountaineers : RHP Juan Vera
Batting: SHB Timothy McBride 0-0: Called Strike
0-1: Foul Ball, location: 2F
0-2: Ball
1-2: Ball
2-2: Foul Ball, location: 2F
2-2: Strikes out swinging
Batting: RHB Herman Sydney 0-0: Called Strike
0-1: Swinging Strike
0-2: Ball
1-2: Ball
2-2: Strikes out swinging, 2-3 out at first.
Batting: RHB Mark Lester 0-0: Called Strike
0-1: SOLO HOME RUN (Flyball, 7LD), Distance : 328 ft
Batting: RHB Jarrod Campbell 0-0: Ball
1-0: Fly out, F8 (Flyball, 8LD)
Top of the 5th over - 1 run, 1 hit, 0 errors, 0 left on base; Saint John's 1 - West Virginia 3
BOTTOM OF THE 5TH
West Virginia Mountaineers batting - Pitching for Saint John's Red Storm : RHP Trey Sims
Batting: RHB Víctor León 0-0: Foul Ball, location: 2F
0-1: Swinging Strike
0-2: Strikes out looking
Batting: LHB Juan Garza 0-0: Called Strike
0-1: Called Strike
0-2: Ball
1-2: Strikes out swinging
Batting: RHB David Randall 0-0: Ball
1-0: Ball
2-0: Foul Ball, location: 2F
2-1: Foul Ball, location: 2F
2-2: Strikes out swinging
Bottom of the 5th over - 0 runs, 0 hits, 0 errors, 0 left on base; Saint John's 1 - West Virginia 3
TOP OF THE 6TH
Saint John's Red Storm batting - Pitching for West Virginia Mountaineers : RHP Juan Vera
Batting: RHB Pete King 0-0: Ball
1-0: Foul Ball, location: 2F
1-1: Swinging Strike
1-2: Strikes out swinging
Batting: RHB Thomas Barnes 0-0: Swinging Strike
0-1: Ball
1-1: Ball
2-1: Ball
3-1: Swinging Strike
3-2: SINGLE (Line Drive, 34D)
Batting: LHB Richard Shelton 0-0: Ball
1-0: Ball
Thomas Barnes steals 2nd base
2-0: Foul Ball, location: 2F
2-1: Foul Ball, location: 2F
2-2: Strikes out swinging
Batting: LHB Roger Faulkner 0-0: Called Strike
0-1: Ball
1-1: Ball
2-1: Foul Ball, location: 2F
2-2: Ball
Balk!
Thomas Barnes to third
3-2: Base on Balls
Pitching: LHP Ernest Johnson
Batting: SHB Roderick Thurman 0-0: Foul Ball, location: 2F
0-1: Ball
1-1: Called Strike
1-2: Ground out 4-3 (Groundball, 4)
Top of the 6th over - 0 runs, 1 hit, 0 errors, 2 left on base; Saint John's 1 - West Virginia 3
BOTTOM OF THE 6TH
West Virginia Mountaineers batting - Pitching for Saint John's Red Storm : RHP Trey Sims
Pitching: RHP Steve Batten
Batting: LHB Jeremy Howard 0-0: Ball
1-0: Foul Ball, location: 2F
1-1: Fly out, F9 (Flyball, 9)
Batting: SHB Darrel Harris 0-0: Ball
1-0: Foul Ball, location: 2F
1-1: Foul Ball, location: 2F
1-2: Ball
2-2: Ball
3-2: Foul Ball, location: 2F
3-2: Foul Ball, location: 2F
3-2: Foul Ball, location: 2F
3-2: Ground out 5-3 (Groundball, 56S)
Batting: LHB José Galindo 0-0: Foul Ball, location: 2F
0-1: Ball
1-1: Fly out, F8 (Line Drive, 8RS)
Bottom of the 6th over - 0 runs, 0 hits, 0 errors, 0 left on base; Saint John's 1 - West Virginia 3
TOP OF THE 7TH
Saint John's Red Storm batting - Pitching for West Virginia Mountaineers : LHP Ernest Johnson
Batting: SHB Timothy McBride 0-0: SINGLE (Line Drive, 8LS)
Batting: RHB Herman Sydney 0-0: Ball
1-0: Fly out, F8 (Flyball, 8RD)
Batting: RHB Mark Lester 0-0: Ball
Timothy McBride is caught stealing 2nd base
1-0: Called Strike
1-1: Ball
2-1: Foul Ball, location: 2F
2-2: Ball
3-2: Strikes out looking
Top of the 7th over - 0 runs, 1 hit, 0 errors, 0 left on base; Saint John's 1 - West Virginia 3
BOTTOM OF THE 7TH
West Virginia Mountaineers batting - Pitching for Saint John's Red Storm : RHP Steve Batten
Batting: RHB Jeffrey Dunbar 0-0: Ball
1-0: Swinging Strike
1-1: Ball
2-1: Ball
3-1: Foul Ball, location: 2F
3-2: Strikes out swinging
Batting: RHB Chris Smith 0-0: Ball
1-0: Called Strike
1-1: Ground out 5-3 (Groundball, 56S)
Batting: SHB George Murphy 0-0: Fly out, F9 (Line Drive, 9)
Bottom of the 7th over - 0 runs, 0 hits, 0 errors, 0 left on base; Saint John's 1 - West Virginia 3
TOP OF THE 8TH
Saint John's Red Storm batting - Pitching for West Virginia Mountaineers : LHP Ernest Johnson
Batting: RHB Jarrod Campbell 0-0: Ball
1-0: Ball
2-0: Called Strike
2-1: Swinging Strike
2-2: Strikes out swinging
Batting: RHB Pete King 0-0: Called Strike
0-1: Ball
1-1: Ball
2-1: Ball
3-1: Foul Ball, location: 2F
3-2: Base on Balls
Batting: RHB Thomas Barnes 0-0: Called Strike
0-1: Foul Ball, location: 2F
0-2: Strikes out swinging
Batting: LHB Richard Shelton 0-0: Foul Ball, location: 2F
0-1: Swinging Strike
0-2: Ball
1-2: Foul Ball, location: 2F
1-2: DOUBLE (Line Drive, 7LD)
Pete King to third
Runner from 3rd tries for Home, SAFE, no throw
Pitching: LHP Will Merritt
Pinch Hitting: SHB Javier Rosado 0-0: Foul Ball, location: 2F
0-1: DOUBLE (Line Drive, 78XD)
Richard Shelton scores
Batting: SHB Roderick Thurman 0-0: Ball
1-0: Called Strike
1-1: Called Strike
1-2: Ball
2-2: Ball
3-2: Strikes out looking
Top of the 8th over - 2 runs, 2 hits, 0 errors, 1 left on base; Saint John's 3 - West Virginia 3
BOTTOM OF THE 8TH
West Virginia Mountaineers batting - Pitching for Saint John's Red Storm : RHP Steve Batten
Now at 1B: Russ Long
Batting: RHB Víctor León 0-0: Ball
1-0: Ball
2-0: Foul Ball, location: 2F
2-1: Ball
3-1: Fly out, F5 (Line Drive, 5S)
Batting: LHB Juan Garza 0-0: Foul Ball, location: 2F
0-1: Swinging Strike
0-2: Ball
1-2: Ball
2-2: Ball
3-2: Base on Balls
Pinch Runner at 1st Pancho Rodríguez:
Batting: RHB David Randall 0-0: Foul Ball, location: 2F
0-1: Foul Ball, location: 2F
0-2: Hit by Pitch
Pancho Rodríguez to second
Batting: LHB Jeremy Howard 0-0: Ball
1-0: Called Strike
1-1: Grounds into double play, 6-4-3 (Groundball, 6)
Bottom of the 8th over - 0 runs, 0 hits, 0 errors, 1 left on base; Saint John's 3 - West Virginia 3
TOP OF THE 9TH
Saint John's Red Storm batting - Pitching for West Virginia Mountaineers : LHP Will Merritt
Pitching: RHP Jorge González
Now in LF: Alden Collins
Batting: SHB Timothy McBride 0-0: Ball
1-0: Called Strike
1-1: Ball
2-1: Ball
3-1: Swinging Strike
3-2: Base on Balls
Batting: RHB Herman Sydney 0-0: Called Strike
0-1: Ball
1-1: Swinging Strike
1-2: Ball
2-2: Foul Ball, location: 2F
2-2: Strikes out looking
Batting: RHB Mark Lester 0-0: Ball
1-0: Called Strike
1-1: Swinging Strike
1-2: Strikes out swinging
Batting: RHB Jarrod Campbell 0-0: Called Strike
0-1: Foul Ball, location: 2F
0-2: Ball
1-2: Fly out, F9 (Line Drive, 89M)
Top of the 9th over - 0 runs, 0 hits, 0 errors, 1 left on base; Saint John's 3 - West Virginia 3
BOTTOM OF THE 9TH
West Virginia Mountaineers batting - Pitching for Saint John's Red Storm : RHP Steve Batten
Batting: SHB Darrel Harris 0-0: Ball
1-0: Called Strike
1-1: Ball
2-1: Swinging Strike
2-2: Foul Ball, location: 2F
2-2: Ball
3-2: Base on Balls
Pitching: RHP Andrew Luna
Batting: LHB José Galindo 0-0: Fielders Choice at 2nd, 4-6 (Groundball, 4)
Batting: RHB Jeffrey Dunbar 0-0: Grounds into double play, 4-6-3 (Groundball, 4)
Bottom of the 9th over - 0 runs, 0 hits, 0 errors, 0 left on base; Saint John's 3 - West Virginia 3
TOP OF THE 10TH
Saint John's Red Storm batting - Pitching for West Virginia Mountaineers : RHP Jorge González
Batting: RHB Pete King 0-0: Called Strike
0-1: Swinging Strike
0-2: Strikes out swinging
Batting: RHB Thomas Barnes 0-0: Called Strike
0-1: Ball
1-1: Foul Ball, location: 2F
1-2: Ball
2-2: Strikes out looking
Batting: LHB Richard Shelton 0-0: Ball
1-0: SINGLE (Groundball, 34D)
Batting: RHB Russ Long 0-0: Called Strike
0-1: Ball
1-1: Ball
Richard Shelton is caught stealing 2nd base
Top of the 10th over - 0 runs, 1 hit, 0 errors, 0 left on base; Saint John's 3 - West Virginia 3
BOTTOM OF THE 10TH
West Virginia Mountaineers batting - Pitching for Saint John's Red Storm : RHP Andrew Luna
Batting: RHB Chris Smith 0-0: Ball
1-0: Ball
2-0: Foul Ball, location: 2F
2-1: Ball
3-1: Called Strike
3-2: Foul Ball, location: 2F
3-2: Base on Balls
Batting: SHB George Murphy 0-0: Swinging Strike
0-1: Ball
Chris Smith is caught stealing 2nd base
1-1: Called Strike
1-2: Foul Ball, location: 2F
1-2: Strikes out swinging
Batting: RHB Víctor León 0-0: Ball
1-0: Called Strike
1-1: Called Strike
1-2: Foul Ball, location: 2F
1-2: Ball
2-2: Fly out, F7 (Line Drive, 7)
Bottom of the 10th over - 0 runs, 0 hits, 0 errors, 0 left on base; Saint John's 3 - West Virginia 3
TOP OF THE 11TH
Saint John's Red Storm batting - Pitching for West Virginia Mountaineers : RHP Jorge González
Pitching: RHP Jason Callahan
Batting: RHB Russ Long 0-0: Called Strike
0-1: Called Strike
0-2: Fly out, F8 (Flyball, 8RS)
Batting: SHB Roderick Thurman 0-0: Ground out 5-3 (Groundball, 56S)
Batting: SHB Timothy McBride 0-0: Ball
1-0: Ball
2-0: Ball
3-0: Called Strike
3-1: Base on Balls
Batting: RHB Herman Sydney 0-0: Ball
1-0: Ball
2-0: Ball
3-0: Base on Balls
Timothy McBride to second
Batting: RHB Mark Lester 0-0: Called Strike
0-1: Ball
1-1: Ball
2-1: Foul Ball, location: 2F
2-2: Foul Ball, location: 2F
2-2: Fly out, F8 (Flyball, 78D)
Top of the 11th over - 0 runs, 0 hits, 0 errors, 2 left on base; Saint John's 3 - West Virginia 3
BOTTOM OF THE 11TH
West Virginia Mountaineers batting - Pitching for Saint John's Red Storm : RHP Andrew Luna
Batting: LHB Alden Collins 0-0: Ball
1-0: SINGLE (Line Drive, 56D)
Batting: RHB David Randall 0-0: Ground out 5-3 (Groundball, 56S)
Alden Collins to second
Batting: LHB Jeremy Howard 0-0: Intentional Walk
Batting: SHB Darrel Harris 0-0: Ball
1-0: Ball
2-0: Called Strike
2-1: Foul Ball, location: 2F
2-2: Strikes out swinging
Batting: LHB José Galindo 0-0: Ball
1-0: Swinging Strike
1-1: Fly out, F8 (Flyball, 8LS)
Bottom of the 11th over - 0 runs, 1 hit, 0 errors, 2 left on base; Saint John's 3 - West Virginia 3
TOP OF THE 12TH
Saint John's Red Storm batting - Pitching for West Virginia Mountaineers : RHP Jason Callahan
Batting: RHB Jarrod Campbell 0-0: Ball
1-0: Hit by Pitch
Batting: RHB Pete King 0-0: Sac Bunt - play at first, batter OUT! 1-4
Jarrod Campbell to second
Batting: RHB Thomas Barnes 0-0: Ball
1-0: Called Strike
1-1: Swinging Strike
1-2: Ball
2-2: Foul Ball, location: 2F
2-2: Ball
3-2: Foul Ball, location: 2F
3-2: Base on Balls
Batting: LHB Richard Shelton 0-0: Called Strike
0-1: Ball
1-1: Swinging Strike
1-2: Ball
2-2: Fly out, F9 (Flyball, 9LM)
Batting: RHB Russ Long 0-0: Ball
1-0: Swinging Strike
1-1: SINGLE (Groundball, 56D)
Jarrod Campbell to third
Thomas Barnes to second
Runner from 3rd tries for Home, SAFE, no throw
Batting: SHB Roderick Thurman 0-0: Called Strike
Russ Long is caught stealing 2nd base
Top of the 12th over - 1 run, 1 hit, 0 errors, 1 left on base; Saint John's 4 - West Virginia 3
BOTTOM OF THE 12TH
West Virginia Mountaineers batting - Pitching for Saint John's Red Storm : RHP Andrew Luna
Batting: RHB Jeffrey Dunbar 0-0: Called Strike
0-1: Called Strike
0-2: Fly out, F9 (Flyball, 89M)
Batting: RHB Chris Smith 0-0: Fly out, F3 (Popup, 3L)
Batting: SHB George Murphy 0-0: SINGLE (Flyball, 8RS)
Batting: RHB Víctor León 0-0: Called Strike
0-1: Ball
1-1: Swinging Strike
1-2: Foul Ball, location: 2F
1-2: Foul Ball, location: 2F
1-2: Ball
2-2: Strikes out swinging
Bottom of the 12th over - 0 runs, 1 hit, 0 errors, 1 left on base; Saint John's 4 - West Virginia 3
Saturday, December 16th, 2017 - OOTP Baseball 18.8 Build 76